 Dungeon Crawl Stone Soup version 0.25-a0-109-ge9c0e85935 (webtiles) character file.

Game seed: 9346809547523443832, levelgen mode: deterministic

124708 vurker the Severer (level 17, -22/142 HPs)
             Began as a Formicid Abyssal Knight on Nov 18, 2019.
             Was the Champion of Lugonu.
             Killed from afar by a nagaraja (49 damage)
             ... with an orb of energy
             ... on level 3 of the Snake Pit.
             The game lasted 00:59:13 (37204 turns).

vurker the Severer (Formicid Abyssal Knight)       Turns: 37204, Time: 00:59:14

Health: -22/142    AC: 20    Str: 29    XL:     17   Next: 48%
Magic:  14/29      EV:  2    Int: 12    God:    Lugonu [******]
Gold:   655        SH: 30    Dex: 10    Spells: 16/16 levels left

rFire    + . .     SeeInvis +   a - +4 battleaxe (venom)
rCold    . . .     Gourm    .   h - +18 shield of the Gong {rElec rN+ MR+ EV-5}
rNeg     + . .     Faith    +   j - +1 plate armour {rPois}
rPois    +         Spirit   .   (helmet unavailable)
rElec    +         Reflect  .   G - +2 cloak
rCorr    .         Harm     .   s - +3 pair of gauntlets of War {Slay+5}
MR       ++...                  q - +0 pair of boots
Stlth    ..........             c - amulet of faith
HPRegen  0.33/turn              R - ring of protection from fire
MPRegen  0.21/turn              w - +5 ring of strength

@: lightly drained
A: permanent stasis, dig shafts and tunnels, four strong arms, antennae 3
a: Dig, Shaft Self, Depart the Abyss, Bend Space, Banish, Corrupt, Enter the
Abyss, Brand Weapon With Distortion, Renounce Religion


You were on level 3 of the Snake Pit.
You worshipped Lugonu.
Lugonu was exalted by your worship.
You were hungry.

You visited 5 branches of the dungeon, and saw 27 of its levels.
You visited the Abyss 1 time.

You collected 2834 gold pieces.
You spent 2179 gold pieces at shops.

Inventory:

Hand Weapons
 a - a +4 battleaxe of venom (weapon)
   (You took it off an orc knight on level 2 of the Orcish Mines)
Armour
 h - the +18 shield of the Gong (worn) {rElec rN+ MR+ EV-5}
   (You acquired it on level 2 of the Lair of Beasts)

   It affects your evasion (-5).
   It insulates you from electricity.
   It protects you from negative energy.
   It affects your resistance to hostile enchantments.
 j - a +1 plate armour of poison resistance (worn)
   (You took it off an orc warrior on level 10 of the Dungeon)
 q - a +0 pair of boots (worn)
   (You found it on level 4 of the Dungeon)
 s - the +3 pair of gauntlets of War (worn) {Slay+5}
   (You bought it in a shop on level 2 of the Orcish Mines)

   It affects your accuracy and damage with ranged weapons and melee attacks
   (+5).
 G - a +2 cloak (worn)
   (You found it on level 11 of the Dungeon)
Jewellery
 c - an amulet of faith (around neck)
   (You took it off a crimson imp on level 5 of the Dungeon)
 w - a +5 ring of strength (right hand)
   (You found it on level 8 of the Dungeon)
 M - an uncursed ring of poison resistance
   (You took it off an orc on level 4 of the Dungeon)
 N - an uncursed ring of magical power
   (You found it on level 1 of the Lair of Beasts)
 R - a ring of protection from fire (left hand)
   (You found it on level 1 of the Snake Pit)
Wands
 d - a wand of iceblast (22)
   (You took it off Ijyb on level 3 of the Dungeon)
 m - a wand of polymorph (27)
   (You found it on level 2 of the Dungeon)
 t - a wand of flame (36)
   (You took it off an orc priest on level 6 of the Dungeon)
 u - a wand of paralysis (36)
   (You found it on level 8 of the Dungeon)
 v - a wand of digging (2)
   (You took it off an orc on level 10 of the Dungeon)
 x - a wand of acid (15)
   (You found it on level 6 of the Lair of Beasts)
 H - a wand of clouds (6)
   (You found it on level 6 of the Lair of Beasts)
 L - a wand of scattershot (8)
   (You found it on level 12 of the Dungeon)
Scrolls
 f - 9 scrolls of remove curse
 l - 7 scrolls of enchant armour
 p - 7 scrolls of identify
 y - 2 scrolls of immolation
 D - 7 scrolls of magic mapping
 I - a scroll of fog
 J - a scroll of silence
Potions
 g - 2 potions of agility
 k - a potion of ambrosia
 n - 6 potions of flight
 o - 12 potions of curing
 r - 6 potions of brilliance
 z - 4 potions of heal wounds
 A - 2 potions of invisibility
 E - 3 potions of might
Miscellaneous
 i - a lamp of fire
   (You found it on level 10 of the Dungeon)
 O - a lightning rod (4/4)
   (You found it on level 15 of the Dungeon)
 Q - a phantom mirror
Comestibles
 b - 4 chunks of flesh
 e - 37 rations


   Skills:
 + Level 15.0(14.8) Fighting
 * Level 18.5(18.3) Axes
 - Level 2.1(2.0) Armour
 - Level 0.8(0.7) Dodging
 - Level 9.0(8.8) Shields
 + Level 16.0(15.8) Invocations
 - Level 10.0(9.8) Evocations


You had 16 spell levels left.
You didn't know any spells.
Your spell library contained the following spells:

 Spells                   Type           Power        Failure   Level  Hunger
 Beastly Appendage        Tmut           #.....       99%         1    ##.....
 Confusing Touch          Hex            #.....       99%         1    ##.....
 Infusion                 Chrm           #...         99%         1    ##.....
 Sandblast                Erth           #.....       99%         1    ##.....
 Shock                    Conj/Air       #...         99%         1    ##.....
 Corpse Rot               Necr           N/A          99%         2    ###....
 Passwall                 Tmut/Erth      #.......     99%         2    ###....
 Shroud of Golubria       Chrm/Tloc      #.....       99%         2    ###....
 Song of Slaying          Chrm           #.......     99%         2    ###....
 Sticks to Snakes         Tmut           #.......     99%         2    ###....
 Swiftness                Chrm/Air       #.......     99%         2    ###....
 Confuse                  Hex            #.......     100%        3    ####...
 Gell's Gravitas          Tloc           #.........   100%        3    ####...
 Regeneration             Chrm/Necr      #.........   100%        3    ####...
 Spectral Weapon          Hex/Chrm       #.......     100%        3    ####...
 Spider Form              Tmut/Pois      #.........   100%        3    ####...
 Static Discharge         Conj/Air       #.......     100%        3    ####...
 Stone Arrow              Conj/Erth      #.....       100%        3    ####...
 Airstrike                Air            #.........   100%        4    #####..
 Ice Form                 Ice/Tmut       #.......     100%        4    #####..
 Leda's Liquefaction      Hex/Erth       #.........   100%        4    #####..
 Petrify                  Tmut/Erth      #.......     100%        4    #####..
 Blade Hands              Tmut           #.........   100%        5    ######.
 Lee's Rapid Deconstruct  Erth           #.........   100%        5    ######.
 Lightning Bolt           Conj/Air       #.........   100%        5    ######.
 Metabolic Englaciation   Hex/Ice        #.........   100%        5    ######.
 Summon Forest            Summ/Tloc      #.........   100%        5    ######.
 Yara's Violent Unravell  Hex/Tmut       #.........   100%        5    ######.
 Hydra Form               Tmut           #.........   100%        6    #######
 Summon Hydra             Summ           #.........   100%        7    #######


Dungeon Overview and Level Annotations

Branches:
Dungeon (15/15)            Temple (1/1) D:5            Lair (6/6) D:9
 Shoals (0/4) Lair:4        Snake (3/4) Lair:4        Slime (0/5) Lair:5
    Orc (2/2) D:10            Elf (0/3) Orc:2        Vaults (0/5) D:13
 Depths (0/5) D:15

Altars:
Ashenzari
Cheibriados
Dithmenos
Elyvilon
Fedhas
Gozag
Hepliaklqana
Kikubaaqudgha
Makhleb
Nemelex Xobeh
Okawaru
Qazlal
Ru
Sif Muna
Trog
Uskayaw
Vehumet
Wu Jian
Xom
Yredelemnul
Zin
The Shining One
Beogh
Jiyva

Shops:
D:11 (   D:13 *   Orc:2 ??*[(

Annotations:
D:10 2 transporters, skk's ghost, novice DDFi
Lair:3 exclusion: ice statue
Snake:1 1 runed translucent door, Rozixko's ghost, adept DDBe
Snake:3 corrupted
Abyss:1 Aizul; Eustachio; Harold; Rupert


Innate Abilities, Weirdness & Mutations

You cannot be hasted, slowed, berserked, paralysed or teleported.
You can dig through walls and to a lower floor.
Your four strong arms can wield two-handed weapons with a shield.
You have a pair of large antennae on your head. (SInv)


Message History

PANG!
The nagaraja spits poison at you. You block the splash of poison.
GONNNNG!
There is an open door here.
You slash the nagaraja!
You feel sick.
You slash the nagaraja!
You feel sick. You block the nagaraja's attack.
GONNNNG!
You block the nagaraja's attack.
GONNNNG!
A shock serpent comes into view.
The nagaraja points at you and mumbles some strange words.
The poison arrow hits you!!
You are more poisoned.
You partially resist.
* * * LOW HITPOINT WARNING * * *
The shock serpent hisses angrily.
You hear an angry hiss.
Aim: a shock serpent (chance to defeat MR: 78%)
The shock serpent is devoured by a tear in reality.
Lugonu claims a new guest.
You feel somewhat more hungry.
You feel sick.
The nagaraja gestures at you while chanting.
The poison arrow hits you!!
You are more poisoned.
You partially resist.
* * * LOW HITPOINT WARNING * * *
Aim: a nagaraja, wielding a +1 whip of draining and wearing a +0 robe (heavily wounded, fast, chance to defeat MR: 6%)
The nagaraja resists with almost no effort.
You feel quite a bit more hungry.
You feel very sick. You block the nagaraja's attack.
PANG!
You block the nagaraja's attack.
GONNNNG!
The nagaraja spits poison at you. The splash of poison hits you. You resist.
* * * LOW HITPOINT WARNING * * *
You hear a shout!
You hear an angry hiss.
You hear a shout!
You feel better.
The nagaraja hits you with a +1 whip of draining.
* * * LOW HITPOINT WARNING * * *
You partially resist.
You feel drained.
* * * LOW HITPOINT WARNING * * *
You block the nagaraja's attack.
GONNNNG!
You hear a shout!
Lugonu's Hand of Corruption reaches out!
You are feeling hungry.
The nagaraja casts a spell at you. The orb of energy hits you!!!
You die...

#.........#
#.........# ....
#.........# ....
#..#......# .....
####..######.....
.#.###.#.# #...X..
......#x..# .......
...§#...h.##N.4....
...§......@NN[.#...
...§3....x.##).....
..........#5.N.#...
....$.Xx#.###......
....3..2#X# .......
.##.....v# .......
.....### .......
....... .......


You could see 2 nagarajas, a naga, a neutral spatial maelstrom, 3 neutral large
abominations, a neutral hellwing, a neutral worldbinder, a neutral tormentor
(wandering), a neutral raiju, a neutral neqoxec, a neutral ynoxinul, 2 neutral
small abominations and a neutral white imp.

Vanquished Creatures
  A nagaraja (Snake:3)
  Kirke (Lair:5)
  An orc warlord (Orc:1)
  A dire elephant (D:15)
  Snorg (D:12)
  2 vault guards (D:13)
  Erolcha (Orc:1)
  8 naga warriors
  A catoblepas (Lair:5)
  3 anacondas (Snake:1)
  2 centaur warriors (D:14)
  2 two-headed ogres
  3 shock serpents (Snake:1)
  3 tengu warriors
  2 naga sharpshooters
  Nergalle (D:12)
  A salamander mystic (Snake:3)
  2 unseen horrors
  4 wizards (D:13)
  2 naga ritualists
  9 orc knights
  4 orc sorcerers
  4 mana vipers
  A wolf spider (Lair:6)
  2 manticores
  5 salamanders
  An ugly thing (D:12)
  A deep elf mage (D:15)
  2 guardian serpents
  31 black mambas
  13 elephants
  3 centaur zombies
  12 spiny frogs
  A gargoyle (D:15)
  14 naga magi
  6 orange demons (D:12)
  A kobold demonologist (D:8)
  3 yaktaurs (D:12)
  8 komodo dragons
  2 freezing wraiths
  2 rime drakes
  2 tengu conjurers (D:14)
  4 red devils (D:12)
  4 trolls
  11 polar bears
  2 slime creatures (D:15)
  3 hornets
  3 raiju (Lair:6)
  6 blink frogs (Lair:5)
  7 hippogriffs
  3 shadows
  2 redbacks (Lair:6)
  16 wyverns
  29 yaks
  3 wraiths
  3 hogs
  18 humans
  2 vampire mosquitoes (D:13)
  A steam dragon (D:11)
  Edmund (D:4)
  A soldier ant (D:15)
  11 wargs
  2 acid dragons
  14 nagas
  14 hell hounds (Lair:6)
  25 water moccasins
  6 porcupines
  50 orc warriors
  2 hornet zombies
  8 ice beasts
  4 sky beasts
  3 phantoms
  12 black bears
  An eye of draining (D:13)
  2 necrophages
  13 ogres
  23 wolves
  21 centaurs
  14 crocodiles
  5 big kobolds
  9 bullfrogs
  A gnoll sergeant (D:8)
  4 scorpions
  8 killer bees
  4 wights
  7 howler monkeys
  8 crimson imps
  A wyvern simulacrum (D:14)
  3 bullfrog skeletons
  17 orc priests
  5 jellies
  3 bullfrog zombies
  4 hounds
  5 human zombies (D:8)
  26 orc wizards
  5 centaur skeletons
  2 human skeletons (D:8)
  Ijyb (D:3)
  4 iguanas
  15 worker ants
  A hound zombie (D:7)
  A hound skeleton (D:9)
  2 mummies (D:8)
  Robin (D:2)
  27 adders
  3 gnolls (D:8)
  6 shadow imps
  A white imp (Lair:3)
  3 oozes
  An adder skeleton (D:4)
  A worm (D:3)
  2 dart slugs (D:3)
  7 leopard geckos
  113 orcs
  5 bats
  6 giant cockroaches
  8 hobgoblins
  14 jackals
  15 kobolds
  3 quokkas
  2 ball pythons
  5 frilled lizards
  12 goblins
  2 quokka skeletons (D:4)
  9 rats
  8 fungi
  A plant (Lair:4)
909 creatures vanquished.

Vanquished Creatures (others)
  4 hydras
  An anaconda (Snake:1)
  4 two-headed ogres
  2 shock serpents
  An orc knight (Orc:2)
  A cyclops (Orc:2)
  An elephant (Lair:6)
  2 spiny frogs (D:9)
  A komodo dragon (Lair:2)
  A polar bear (Lair:6)
  4 hornets
  3 humans (Lair:6)
  A naga (Snake:3)
  An orc warrior (D:8)
  A phantom (D:7)
  An orc priest (D:5)
  A bush (Lair:4)
  16 fungi
  33 plants
79 creatures vanquished.

Grand Total: 988 creatures vanquished

Notes
Turn   | Place    | Note
-------+----------+-------------------------------------------
     0 | Abyss:1  | vurker the Formicid Abyssal Knight began the quest for the
                  | Orb.
     0 | Abyss:1  | Reached XP level 1. HP: 18/18 MP: 2/2
    26 | Abyss:1  | Noticed a wraith
    39 | Abyss:1  | Noticed an orc sorcerer
    46 | Abyss:1  | Noticed a red devil
    46 | D:1      | Escaped the Abyss
   168 | D:1      | Reached * piety under Lugonu
   237 | D:1      | Reached XP level 2. HP: 24/24 MP: 3/3
   390 | D:1      | Reached XP level 3. HP: 27/29 MP: 4/4
  1057 | D:2      | Reached skill level 3 in Axes
  1057 | D:2      | Reached skill level 1 in Shields
  1057 | D:2      | Reached XP level 4. HP: 29/37 MP: 6/6
  1356 | D:2      | Reached ** piety under Lugonu
  1357 | D:2      | Noticed Robin
  1374 | D:2      | Killed Robin
  1374 | D:2      | Reached XP level 5. HP: 30/42 MP: 7/7
  1823 | D:3      | Noticed Ijyb
  1852 | D:3      | Killed Ijyb
  2090 | D:3      | Reached skill level 4 in Axes
  2090 | D:3      | Reached XP level 6. HP: 13/48 MP: 8/8
  2588 | D:3      | Reached skill level 1 in Evocations
  2687 | D:3      | Reached *** piety under Lugonu
  3466 | D:4      | Noticed Eustachio
  3480 | D:4      | Banished Eustachio
  3480 | D:4      | Reached XP level 7. HP: 10/55 MP: 5/10
  3762 | D:4      | Reached skill level 5 in Axes
  4258 | D:4      | Noticed Edmund
  4273 | D:4      | Killed Edmund
  4273 | D:4      | Reached skill level 5 in Fighting
  4767 | D:5      | Entered Level 5 of the Dungeon
  4931 | D:5      | Reached skill level 5 in Invocations
  4931 | D:5      | Reached XP level 8. HP: 45/62 MP: 11/11
  5298 | D:5      | Reached skill level 6 in Axes
  5299 | D:5      | Found a staircase to the Ecumenical Temple.
  5311 | Temple   | Entered the Ecumenical Temple
  5534 | D:5      | Got a transparent hunting sling
  6167 | D:6      | Found a shadowy altar of Dithmenos.
  6229 | D:6      | Reached XP level 9. HP: 60/69 MP: 13/13
  6272 | D:6      | Reached skill level 7 in Axes
  6297 | D:6      | HP: 2/69 [orc priest/divine providence (13)]
  7669 | D:7      | Found a blossoming altar of Fedhas.
  7832 | D:7      | Reached skill level 5 in Evocations
  7839 | D:7      | Reached **** piety under Lugonu
  7839 | D:7      | Reached skill level 8 in Axes
  8563 | D:7      | Found a blossoming altar of Fedhas.
  9176 | D:8      | Reached XP level 10. HP: 65/79 MP: 15/15
  9205 | D:8      | Reached skill level 9 in Axes
  9565 | D:8      | Noticed Harold
  9576 | D:8      | Banished Harold
 10027 | D:8      | Reached skill level 10 in Axes
 10047 | D:8      | HP: 4/80 [poisoned by a hornet]
 10053 | D:8      | HP: 3/80 [poisoned by a hornet]
 10059 | D:8      | HP: 2/80 [poisoned by a hornet]
 10067 | D:8      | HP: 2/80 [poisoned by a hornet]
 10628 | D:8      | Noticed a kobold demonologist
 10630 | D:8      | Noticed a sixfirhy
 10646 | D:8      | Killed a kobold demonologist
 11191 | D:8      | Reached XP level 11. HP: 83/87 MP: 17/17
 11238 | D:8      | Found a basalt altar of Yredelemnul.
 11368 | D:9      | Noticed a two-headed ogre
 11371 | D:9      | Banished a two-headed ogre
 11582 | D:9      | Found a staircase to the Lair.
 11962 | D:9      | Reached skill level 11 in Axes
 11999 | D:9      | Found a sparkling altar of Nemelex Xobeh.
 12271 | D:10     | Entered Level 10 of the Dungeon
 12639 | D:10     | Noticed a two-headed ogre
 12640 | D:10     | Banished a two-headed ogre
 12729 | D:10     | Found a transporter.
 12731 | D:10     | Found a transporter.
 12936 | D:10     | Reached skill level 10 in Invocations
 13370 | D:10     | Found a shimmering altar of Xom.
 13370 | D:10     | Found a shimmering altar of Xom.
 13370 | D:10     | Found a shimmering altar of Xom.
 13370 | D:10     | Found a shimmering altar of Xom.
 13370 | D:10     | Found a shimmering altar of Xom.
 13423 | D:10     | Found a staircase to the Orcish Mines.
 13505 | D:10     | Noticed skk's ghost (novice DDFi)
 13867 | D:11     | Reached ***** piety under Lugonu
 13936 | D:11     | Noticed a two-headed ogre
 13941 | D:11     | Banished a two-headed ogre
 13941 | D:11     | Reached skill level 12 in Axes
 14084 | D:11     | Noticed a two-headed ogre
 14090 | D:11     | Banished a two-headed ogre
 14090 | D:11     | Reached skill level 10 in Fighting
 14319 | D:11     | Reached XP level 12. HP: 87/97 MP: 19/19
 14498 | D:11     | Found Zorphink's Antique Weapon Boutique.
 15089 | Lair:1   | Entered Level 1 of the Lair of Beasts
 16323 | Lair:1   | Got a fine buckler
 16334 | Lair:1   | Identified the +1 buckler of the Trees {rPois MR+ Int+4}
                  | (You found it on level 1 of the Lair of Beasts)
 16869 | Lair:2   | Identified a scroll of acquirement
 16871 | Lair:2   | Found the +18 shield of the Gong {rElec rN+ MR+ EV-5}
 16895 | Lair:2   | Got a jewelled quarterstaff
 16896 | Lair:2   | Identified the +3 quarterstaff "Munnin" {crush, *Slow +Fly
                  | rF++ Str+3} (You found it on level 2 of the Lair of Beasts)
 16921 | Lair:2   | Noticed an eight-headed hydra
 16922 | Lair:2   | Banished an eight-headed hydra
 17167 | Lair:2   | Reached skill level 13 in Axes
 18040 | Lair:3   | Reached XP level 13. HP: 91/106 MP: 21/21
 18041 | Lair:3   | Found a shattered altar of Ashenzari.
 18060 | Lair:3   | Reached skill level 5 in Shields
 19479 | Lair:4   | Reached skill level 14 in Axes
 19605 | Lair:4   | Found a staircase to the Snake Pit.
 20053 | Lair:4   | Found a staircase to the Shoals.
 20551 | Lair:5   | Noticed a six-headed hydra
 20553 | Lair:5   | Noticed a catoblepas
 20817 | Lair:5   | Banished a six-headed hydra
 20847 | Lair:5   | Killed a catoblepas
 21138 | Lair:5   | Found a staircase to the Slime Pits.
 21139 | Lair:5   | Found a viscous altar of Jiyva.
 21578 | Lair:6   | Entered Level 6 of the Lair of Beasts
 21590 | Lair:6   | Noticed a five-headed hydra
 21598 | Lair:6   | Banished a five-headed hydra
 21617 | Lair:6   | Noticed a seven-headed hydra
 21629 | Lair:6   | Banished a seven-headed hydra
 21978 | Lair:5   | Reached XP level 14. HP: 106/115 MP: 23/23
 22093 | Lair:6   | Noticed Rupert
 22113 | Lair:5   | Banished Rupert
 22113 | Lair:5   | Reached skill level 15 in Axes
 22521 | Lair:6   | Noticed Kirke
 22655 | Lair:5   | Killed Kirke
 23133 | Lair:6   | Reached ****** piety under Lugonu
 24095 | Lair:6   | Reached XP level 15. HP: 96/123 MP: 25/25
 24101 | Lair:6   | Reached skill level 16 in Axes
 24948 | Orc:1    | Entered Level 1 of the Orcish Mines
 25184 | Orc:2    | Entered Level 2 of the Orcish Mines
 25241 | Orc:2    | Noticed Erolcha
 25272 | Orc:1    | Killed Erolcha
 25942 | Orc:1    | Found a roughly hewn altar of Beogh.
 26124 | Orc:1    | Noticed an orc warlord
 26503 | Orc:1    | Killed an orc warlord
 26918 | Orc:2    | Found Utodd's Magic Scroll Boutique.
 26926 | Orc:2    | Bought a scroll of fog for 26 gold pieces
 27203 | Orc:2    | Found Caghumm's Assorted Antiques.
 27203 | Orc:2    | Found Vecsodoload's Magic Scroll Boutique.
 27553 | Orc:2    | Bought a scroll labeled UHOL OTIRI for 27 gold pieces
 27591 | Orc:2    | Noticed an orc warlord
 27601 | Orc:2    | Banished an orc warlord
 27615 | Orc:2    | Found a roughly hewn altar of Beogh.
 27854 | Orc:2    | Found a staircase to the Elven Halls.
 27878 | Orc:2    | Found Horocockae's Weapon Emporium.
 27878 | Orc:2    | Found Hene's Armour Boutique.
 28027 | Orc:2    | Bought the +3 pair of gauntlets of War {Slay+5} for 1282
                  | gold pieces
 28027 | Orc:2    | Found the +3 pair of gauntlets of War {Slay+5}
 28032 | Orc:2    | Bought a scroll of magic mapping for 94 gold pieces
 28032 | Orc:2    | Bought 2 potions of heal wounds for 270 gold pieces
 28041 | Orc:2    | Bought a scroll of silence for 120 gold pieces
 28228 | D:12     | Noticed Snorg
 28239 | D:12     | Killed Snorg
 28393 | D:12     | Noticed Nergalle
 28400 | D:12     | Killed Nergalle
 29088 | D:13     | Found Xihenk's Demolitions Depot.
 29131 | D:13     | Reached skill level 17 in Axes
 29359 | D:13     | Reached XP level 16. HP: 132/132 MP: 27/27
 29617 | D:13     | Found a gate to the Vaults.
 30503 | D:13     | Bought a wand of clouds (4) for 360 gold pieces
 30798 | D:14     | Reached skill level 15 in Invocations
 31608 | D:15     | Entered Level 15 of the Dungeon
 32540 | D:15     | Found a staircase to the Depths.
 33056 | Snake:1  | Entered Level 1 of the Snake Pit
 33791 | Snake:1  | Reached skill level 18 in Axes
 34019 | Snake:1  | Reached XP level 17. HP: 119/140 MP: 28/28
 34786 | Snake:1  | Found a runed translucent door.
 34787 | Snake:1  | Found a shimmering altar of Xom.
 34787 | Snake:1  | Noticed Rozixko's ghost (adept DDBe)
 34831 | Snake:1  | Noticed Aizul
 34857 | Snake:1  | Banished Aizul
 35115 | Snake:1  | You fall into a shaft and drop 1 floor!
 35842 | Snake:2  | Reached skill level 10 in Evocations
 37004 | Snake:3  | Reached skill level 15 in Fighting
 37204 | Snake:3  | Corrupted Snake:3
 37204 | Snake:3  | Killed from afar by a nagaraja

Levels and vault maps discovered:
D:1:      minmay_arrival_wavy_path, layout_loops_ring
D:2:      layout_rooms, first_ration, minmay_misc_feat_enclosed, uniq_robin
D:3:      layout_loops_ring, uniq_ijyb
D:4:      layout_cave_pools, st_stairs_9, nrook_mini_vaults, minmay_circle_x,
          uniq_eustachio, uniq_edmund
D:5:      layout_basic, minmay_temple_entry_sparse_star, serial_glass,
          glass_columns_a, glass_columns_c, due_unseen_surprise
D:6:      layout_rooms, serial_bayou_lagoon_a,
          nicolae_dithmenos_through_a_glass_darkly
D:7:      layout_basic, fedhas_bush_and_centaur_altar, basic_altar
D:8:      layout_cave_pools, special_room [special_room_kobold],
          hangedman_pestilent_swarm, minmay_misc_feat_roman,
          lemuel_mausoleum_altar_yredelemnul, uniq_harold
D:9:      layout_irregular_city, lair_entry_dummy,
          nemelex_xobeh_ov_fountains_minmay
D:10:     layout_roguey [special_room_orc], orc_0_dummy, gammafunk_ghost_hive,
          xom_shifter_show
D:11:     layout_loops_cross, serial_shops, kennysheep_little_box
D:12:     layout_loops_ring, small_statue_intersection,
          minmay_beelzebubs_servants, uniq_snorg, uniq_nergalle
D:13:     layout_loops_corners, grunt_vaults_entry_tiered, nicolae_blasting_shop
D:14:     layout_basic
D:15:     hangedman_depths_entry_try_elsewhere_first, layout_cave_pools,
          chequers_serial_rivers_small_3, lemuel_nasty_fountain
Temple:   grunt_wide_crystal_templ
Lair:1:   layout_gridlike
Lair:2:   layout_long_grid, lemuel_fruit_fields
Lair:3:   layout_regular_city, basic_altar, gauntlet_entry_generic, ice2_lemuel
Lair:4:   layout_regular_city, minmay_shoals_entry_centaurs,
          minmay_snake_entry_six_corridors, chequers_serial_rivers_small_a,
          lemuel_fruit_tree
Lair:5:   layout_cave_shapes, slime_altar_1, serial_bayou_shore_b
Lair:6:   hangedman_lair_tendril_chambers, layout_misc_corridors,
          hangedman_lair_caniforms_friends, uniq_rupert, uniq_kirke
Snake:1:  layout_grid_maze, ebering_ghost_xom, guppyfry_library_mini, uniq_aizul
Snake:2:  layout_chambers
Snake:3:  layout_grid_maze, uniq_roxanne, uniq_vashnia
Orc:1:    layout_caves, basic_altar
Orc:2:    st_orc_town, layout_caves, serial_shops, nicolae_shop_trees,
          uniq_erolcha

Skill      XL: |  1  2  3  4  5  6  7  8  9 10 11 12 13 14 15 16 17 |
---------------+----------------------------------------------------+-----
Axes           | 3 4 5 6 8 10 12 13 14 15 17 18 | 18.5
Shields        | 1 2 4 7 9 |  9.0
Invocations    | 3 4 5 7 9 10 11 12 13 14 15 16 | 16.0
Fighting       | 4 5 6 7 8 10 11 12 13 14 15 | 15.0
Evocations     | 1 2 4 5 7 9 10 | 10.0
Armour         | |  2.1
Dodging        | |  0.8

Action                   |  1- 3 |  4- 6 |  7- 9 | 10-12 | 13-15 | 16-18 || total
-------------------------+-------+-------+-------+-------+-------+-------++-------
Melee: Hand axe          |    67 |   221 |    46 |       |       |       ||   334
       War axe           |       |       |   390 |   710 |  1323 |   235 ||  2658
       Broad axe         |       |       |       |       |       |   416 ||   416
       Demon trident     |       |       |       |       |       |     4 ||     4
       Battleaxe         |       |       |       |       |       |    44 ||    44
Invok: Depart the Abyss  |     1 |       |       |       |       |       ||     1
       Banish            |       |     1 |     3 |    18 |    15 |     7 ||    44
       Bend Space        |       |       |       |       |     2 |       ||     2
       Corrupt           |       |       |       |       |       |     1 ||     1
 Abil: Dig               |       |       |       |     1 |       |       ||     1
Evoke: Wand              |       |       |     2 |       |       |       ||     2
  Use: Scroll            |       |    10 |     5 |    11 |     5 |     6 ||    37
       Potion            |       |       |     2 |     2 |     1 |     2 ||     7
  Eat: Chunk             |       |     8 |     7 |    13 |    25 |    10 ||    63
       Ration            |       |       |     4 |     6 |     5 |     5 ||    20
Armor: Leather armour    |    14 |    52 |       |       |       |       ||    66
       Ring mail         |       |     9 |    22 |       |       |       ||    31
       Chain mail        |       |       |    47 |       |       |       ||    47
       Plate armour      |       |       |   176 |   336 |   270 |   125 ||   907
       Skin              |       |       |    47 |       |       |       ||    47
Dodge: Dodged            |    47 |   129 |   135 |   140 |    15 |    16 ||   482
Block: Buckler           |     3 |    51 |    82 |    91 |       |       ||   227
       Shield            |       |       |       |   187 |  1499 |   780 ||  2466

Table legend:
 A = Non-vault XP
 B = Vault XP
 C = Vault XP percentage of total XP
 D = Non-vault monster count
 E = Vault monster count
 F = Vault count percentage of total count
                 A         B        C        D         E       F
            +---------+---------+-------+---------+---------+-------
      Total |  113750 |   64405 |  36.2 |     618 |     315 |  33.8
            +---------+---------+-------+---------+---------+-------
        D:1 |      48 |       0 |   0.0 |      24 |       0 |   0.0
        D:2 |      76 |      34 |  30.9 |      16 |      11 |  40.7
        D:3 |     215 |      35 |  14.0 |      31 |       1 |   3.1
        D:4 |     130 |     456 |  77.8 |      13 |       7 |  35.0
        D:5 |     727 |       0 |   0.0 |      17 |       0 |   0.0
        D:6 |     955 |       0 |   0.0 |      22 |       0 |   0.0
        D:7 |    1067 |     398 |  27.2 |      24 |       3 |  11.1
        D:8 |    1206 |    2562 |  68.0 |      24 |      27 |  52.9
        D:9 |    2346 |       0 |   0.0 |      20 |       0 |   0.0
       D:10 |    2364 |     632 |  21.1 |      13 |      27 |  67.5
       D:11 |    4067 |       0 |   0.0 |      41 |       0 |   0.0
       D:12 |    3908 |    6121 |  61.0 |      28 |      14 |  33.3
       D:13 |    7194 |    7499 |  51.0 |      37 |      23 |  38.3
       D:14 |    7793 |       0 |   0.0 |      34 |       0 |   0.0
       D:15 |    6904 |    2533 |  26.8 |      28 |       4 |  12.5
     Lair:1 |    1207 |       0 |   0.0 |       4 |       0 |   0.0
     Lair:2 |    2403 |       0 |   0.0 |      12 |       0 |   0.0
     Lair:3 |    4978 |    1741 |  25.9 |      15 |      10 |  40.0
     Lair:4 |    6456 |    2219 |  25.6 |      19 |      20 |  51.3
     Lair:5 |    8087 |    5141 |  38.9 |      28 |       6 |  17.6
     Lair:6 |    8292 |   20644 |  71.3 |      34 |      93 |  73.2
    Snake:1 |   19330 |    5341 |  21.6 |      33 |      11 |  25.0
    Snake:2 |    5956 |       0 |   0.0 |      14 |       0 |   0.0
    Snake:3 |    8330 |       0 |   0.0 |      15 |       0 |   0.0
      Orc:1 |    3573 |     998 |  21.8 |      40 |       2 |   4.8
      Orc:2 |    6138 |    8051 |  56.7 |      32 |      56 |  63.6
            +---------+---------+-------+---------+---------+-------
